ITL
AMARILLO ARCHDUKES @ TUSCALOOSA TROUT SLAYERS
09/23/2027
 
TOP OF THE 1ST
Amarillo Archdukes batting - Pitching for Tuscaloosa Trout Slayers : RHP Rafael Ramírez
Pitching: RHP Rafael Ramírez
Batting: LHB Jorge Martínez 0-0: Foul Ball, location: 2F
0-1: Ball
1-1: Foul Ball, location: 2F
1-2: Foul Ball, location: 2F
1-2: Ball
2-2: Strikes out swinging
Batting: RHB Jorge Espinosa 0-0: Swinging Strike
0-1: Swinging Strike
0-2: Strikes out looking
Batting: LHB Michael Cook 0-0: Foul Ball, location: 2F
0-1: Fly out, F7 (Flyball, 7S)
Top of the 1st over - 0 run(s), 0 hit(s), 0 error(s), 0 left on base; Amarillo 0 - Tuscaloosa 0
BOTTOM OF THE 1ST
Tuscaloosa Trout Slayers batting - Pitching for Amarillo Archdukes : RHP Sébastien Benoit
Pitching: RHP Sébastien Benoit
Batting: RHB Lowie van den Bogaert 0-0: Called Strike
0-1: Foul Ball, location: 2F
0-2: Ball
1-2: Ground out 1-3 (Groundball, 13)
Batting: RHB Alfredo Díaz 0-0: Called Strike
Error on foul ball, E7
0-2: Ball
1-2: Ball
2-2: Ball
3-2: Base on Balls
Batting: LHB Marcos Villarreal 0-0: Called Strike
0-1: Ball
1-1: Hit by Pitch
Alfredo Díaz to second
Batting: LHB António Cedeño 0-0: Ball
1-0: Grounds into double play, 4-6-3 (Groundball, 4)
Bottom of the 1st over - 0 run(s), 0 hit(s), 1 error(s), 1 left on base; Amarillo 0 - Tuscaloosa 0
TOP OF THE 2ND
Amarillo Archdukes batting - Pitching for Tuscaloosa Trout Slayers : RHP Rafael Ramírez
Batting: RHB Norm Francis 0-0: Ball
1-0: Called Strike
1-1: Ball
2-1: Foul Ball, location: 2F
2-2: Ball
3-2: Foul Ball, location: 2F
3-2: Base on Balls
Batting: LHB Edwin Ryan 0-0: Called Strike
Norm Francis is caught stealing 2nd base
0-1: Ball
1-1: Swinging Strike
1-2: Strikes out swinging
Batting: RHB Roberto García 0-0: Called Strike
0-1: Called Strike
0-2: SINGLE (Line Drive, 8LS)
Batting: LHB Pedro Díaz 0-0: Ball
1-0: Ball
2-0: Ball
Wild Pitch!
Roberto García to second
3-0: Called Strike
3-1: Base on Balls
Batting: RHB Herb Bunch 0-0: Ball
1-0: Called Strike
1-1: Ball
2-1: Ball
3-1: Base on Balls
Roberto García to third
Pedro Díaz to second
Batting: RHB José Ruíz 0-0: Ball
1-0: Ball
2-0: Ball
3-0: Called Strike
3-1: Fly out, F6 (Popup, 6D)
Top of the 2nd over - 0 run(s), 1 hit(s), 0 error(s), 3 left on base; Amarillo 0 - Tuscaloosa 0
BOTTOM OF THE 2ND
Tuscaloosa Trout Slayers batting - Pitching for Amarillo Archdukes : RHP Sébastien Benoit
Batting: LHB Ed Hart 0-0: Called Strike
0-1: Foul Ball, location: 2F
0-2: Ball
1-2: Strikes out swinging
Batting: RHB Jason Saunders 0-0: Called Strike
0-1: Ball
1-1: Foul Ball, location: 2F
1-2: Ball
2-2: Ball
3-2: Base on Balls
Batting: RHB Juan Reyes 0-0: Called Strike
0-1: Foul Ball, location: 2F
0-2: Strikes out swinging
Batting: RHB José Ortega 0-0: Ball
1-0: Ball
2-0: Swinging Strike
2-1: Called Strike
2-2: Foul Ball, location: 2F
2-2: Foul Ball, location: 2F
2-2: Fly out, F8 (Flyball, 8LS)
Bottom of the 2nd over - 0 run(s), 0 hit(s), 0 error(s), 1 left on base; Amarillo 0 - Tuscaloosa 0
TOP OF THE 3RD
Amarillo Archdukes batting - Pitching for Tuscaloosa Trout Slayers : RHP Rafael Ramírez
Batting: LHB Jorge Martínez 0-0: Ball
1-0: Called Strike
1-1: Swinging Strike
1-2: Foul Ball, location: 2F
1-2: Fly out, F7 (Flyball, 78S)
Batting: RHB Jorge Espinosa 0-0: Foul Ball, location: 2F
0-1: Swinging Strike
0-2: Ball
1-2: Foul Ball, location: 2F
1-2: Foul Ball, location: 2F
1-2: SINGLE (Groundball, 6) (infield hit)
Batting: LHB Michael Cook 0-0: Swinging Strike
0-1: Fly out, F7 (Flyball, 78S)
Batting: RHB Norm Francis 0-0: Called Strike
Jorge Espinosa steals 2nd base
0-1: Called Strike
0-2: Fly out, F8 (Flyball, 8LS)
Top of the 3rd over - 0 run(s), 1 hit(s), 0 error(s), 1 left on base; Amarillo 0 - Tuscaloosa 0
BOTTOM OF THE 3RD
Tuscaloosa Trout Slayers batting - Pitching for Amarillo Archdukes : RHP Sébastien Benoit
Batting: RHB Claudio Gonzáles 0-0: Ball
1-0: Ball
2-0: Ground out 4-3 (Groundball, 4M)
Batting: RHB Lowie van den Bogaert 0-0: Called Strike
0-1: Ball
1-1: Called Strike
1-2: Fly out, F8 (Flyball, 8RM)
Batting: RHB Alfredo Díaz 0-0: Called Strike
0-1: Swinging Strike
0-2: Foul Ball, location: 2F
0-2: SINGLE (Groundball, 56D)
Batting: LHB Marcos Villarreal 0-0: Ball
1-0: Swinging Strike
1-1: Called Strike
1-2: Strikes out swinging
Bottom of the 3rd over - 0 run(s), 1 hit(s), 0 error(s), 1 left on base; Amarillo 0 - Tuscaloosa 0
TOP OF THE 4TH
Amarillo Archdukes batting - Pitching for Tuscaloosa Trout Slayers : RHP Rafael Ramírez
Batting: LHB Edwin Ryan 0-0: Swinging Strike
0-1: Ball
1-1: Ball
2-1: Ball
3-1: Fly out, F8 (Flyball, 8RM)
Batting: RHB Roberto García 0-0: Called Strike
0-1: Ball
1-1: Ball
2-1: Ball
3-1: Called Strike
3-2: Base on Balls
Batting: LHB Pedro Díaz 0-0: Ball
1-0: Grounds into double play, 4-6-3 (Groundball, 4M)
Top of the 4th over - 0 run(s), 0 hit(s), 0 error(s), 0 left on base; Amarillo 0 - Tuscaloosa 0
BOTTOM OF THE 4TH
Tuscaloosa Trout Slayers batting - Pitching for Amarillo Archdukes : RHP Sébastien Benoit
Batting: LHB António Cedeño 0-0: Swinging Strike
0-1: Ground out 4-3 (Groundball, 4)
Batting: LHB Ed Hart 0-0: Ball
1-0: Ball
2-0: Ball
3-0: Base on Balls
Batting: RHB Jason Saunders 0-0: Called Strike
0-1: Foul Ball, location: 2F
0-2: Ball
1-2: SINGLE (Groundball, 6MD)
Ed Hart to second
Batting: RHB Juan Reyes 0-0: Ball
1-0: 3-RUN HOME RUN (Flyball, 78XD), Distance : 385 ft
Batting: RHB José Ortega 0-0: Called Strike
0-1: Ball
1-1: Called Strike
1-2: Ball
2-2: Foul Ball, location: 2F
2-2: Fly out, F8 (Flyball, 8LD)
Batting: RHB Claudio Gonzáles 0-0: Ball
1-0: Called Strike
1-1: Reached on error, E5 (Groundball, 56)
Batting: RHB Lowie van den Bogaert 0-0: Called Strike
0-1: Swinging Strike
0-2: Ball
1-2: Strikes out swinging
Bottom of the 4th over - 3 run(s), 2 hit(s), 1 error(s), 1 left on base; Amarillo 0 - Tuscaloosa 3
TOP OF THE 5TH
Amarillo Archdukes batting - Pitching for Tuscaloosa Trout Slayers : RHP Rafael Ramírez
Batting: RHB Herb Bunch 0-0: Ball
1-0: Ball
2-0: Ball
3-0: Called Strike
3-1: SOLO HOME RUN (Flyball, 78XD), Distance : 383 ft
Batting: RHB José Ruíz 0-0: Ball
1-0: SINGLE (Line Drive, 4M)
Batting: LHB Jorge Martínez 0-0: Called Strike
José Ruíz steals 2nd base
0-1: Fly out, F5 (Popup, 5)
Batting: RHB Jorge Espinosa 0-0: Called Strike
0-1: Ball
1-1: Called Strike
1-2: Foul Ball, location: 2F
1-2: Ball
2-2: Ball
3-2: Base on Balls
Batting: LHB Michael Cook 0-0: Called Strike
0-1: 3-RUN HOME RUN (Flyball, 9D), Distance : 383 ft
Batting: RHB Norm Francis 0-0: Hit by Pitch
Batting: LHB Edwin Ryan 0-0: Ball
1-0: Called Strike
Norm Francis steals 2nd base
1-1: Ground out 4-3 (Groundball, 4)
Norm Francis to third
Batting: RHB Roberto García 0-0: Called Strike
0-1: Ground out 5-3 (Groundball, 56S)
Top of the 5th over - 4 run(s), 3 hit(s), 0 error(s), 1 left on base; Amarillo 4 - Tuscaloosa 3
BOTTOM OF THE 5TH
Tuscaloosa Trout Slayers batting - Pitching for Amarillo Archdukes : RHP Sébastien Benoit
Batting: RHB Alfredo Díaz 0-0: Ball
1-0: Ball
2-0: Ball
3-0: Swinging Strike
3-1: Ground out 5-3 (Groundball, 5S)
Batting: LHB Marcos Villarreal 0-0: Ball
1-0: Ground out 4-3 (Groundball, 4M)
Batting: LHB António Cedeño 0-0: Ball
1-0: Called Strike
1-1: Foul Ball, location: 2F
1-2: Fly out, F2 (Popup, 15S)
Bottom of the 5th over - 0 run(s), 0 hit(s), 0 error(s), 0 left on base; Amarillo 4 - Tuscaloosa 3
TOP OF THE 6TH
Amarillo Archdukes batting - Pitching for Tuscaloosa Trout Slayers : RHP Rafael Ramírez
Batting: LHB Pedro Díaz 0-0: Ball
1-0: Fly out, F9 (Flyball, 9LMF)
Batting: RHB Herb Bunch 0-0: Ball
1-0: Foul Ball, location: 2F
1-1: Swinging Strike
1-2: Ball
2-2: Strikes out looking
Batting: RHB José Ruíz 0-0: Called Strike
0-1: Ball
1-1: Ball
2-1: DOUBLE (Line Drive, 7LM)
Pitching: LHP Luis López
Batting: LHB Jorge Martínez 0-0: Ball
1-0: Ball
2-0: Swinging Strike
2-1: Ball
3-1: Base on Balls
Batting: RHB Jorge Espinosa 0-0: Ball
1-0: Called Strike
1-1: Swinging Strike
1-2: Foul Ball, location: 2F
1-2: Strikes out swinging
Top of the 6th over - 0 run(s), 1 hit(s), 0 error(s), 2 left on base; Amarillo 4 - Tuscaloosa 3
BOTTOM OF THE 6TH
Tuscaloosa Trout Slayers batting - Pitching for Amarillo Archdukes : RHP Sébastien Benoit
Pitching: RHP Brian Hull
Batting: LHB Ed Hart 0-0: Called Strike
0-1: Ball
1-1: SINGLE (Groundball, 34S) (infield hit)
Batting: RHB Jason Saunders 0-0: Foul Ball, location: 2F
0-1: Fly out, F9 (Flyball, 9D)
Batting: RHB Juan Reyes 0-0: Fly out, F9 (Flyball, 9S)
Batting: RHB José Ortega 0-0: Ball
1-0: Ball
2-0: Ball
3-0: Called Strike
3-1: Fielders Choice at 2nd, 6-4 (Groundball, 6)
Bottom of the 6th over - 0 run(s), 1 hit(s), 0 error(s), 0 left on base; Amarillo 4 - Tuscaloosa 3
TOP OF THE 7TH
Amarillo Archdukes batting - Pitching for Tuscaloosa Trout Slayers : LHP Luis López
Batting: LHB Michael Cook 0-0: Ball
1-0: Ball
2-0: Called Strike
2-1: Called Strike
2-2: Ball
3-2: Strikes out swinging
Batting: RHB Norm Francis 0-0: Ground out 4-3 (Groundball, 4S)
Batting: LHB Edwin Ryan 0-0: Ball
1-0: Called Strike
1-1: Swinging Strike
1-2: Ball
2-2: Strikes out swinging
Top of the 7th over - 0 run(s), 0 hit(s), 0 error(s), 0 left on base; Amarillo 4 - Tuscaloosa 3
BOTTOM OF THE 7TH
Tuscaloosa Trout Slayers batting - Pitching for Amarillo Archdukes : RHP Brian Hull
Batting: RHB Claudio Gonzáles 0-0: Ground out 5-3 (Groundball, 56S)
Batting: RHB Lowie van den Bogaert 0-0: Ball
1-0: Fly out, F7 (Line Drive, 7LS)
Batting: RHB Alfredo Díaz 0-0: SINGLE (Line Drive, 6MD)
Pitching: LHP Charlie Conner
Pinch Hitting: RHB José Fernández 0-0: Ball
1-0: Ball
2-0: Ball
3-0: Base on Balls
Alfredo Díaz to second
Batting: LHB António Cedeño 0-0: Ball
1-0: Called Strike
1-1: Fly out, F8 (Flyball, 78M)
Bottom of the 7th over - 0 run(s), 1 hit(s), 0 error(s), 2 left on base; Amarillo 4 - Tuscaloosa 3
TOP OF THE 8TH
Amarillo Archdukes batting - Pitching for Tuscaloosa Trout Slayers : LHP Luis López
Now at 1B: José Fernández
Batting: RHB Roberto García 0-0: Called Strike
0-1: Ball
1-1: Ground out 4-3 (Groundball, 4M)
Batting: LHB Pedro Díaz 0-0: Foul Ball, location: 2F
0-1: Called Strike
0-2: Ball
1-2: Ball
2-2: Foul Ball, location: 2F
2-2: Strikes out swinging
Batting: RHB Herb Bunch 0-0: Ball
1-0: Ground out 1-3 (Groundball, 13S)
Top of the 8th over - 0 run(s), 0 hit(s), 0 error(s), 0 left on base; Amarillo 4 - Tuscaloosa 3
BOTTOM OF THE 8TH
Tuscaloosa Trout Slayers batting - Pitching for Amarillo Archdukes : LHP Charlie Conner
Pitching: LHP Rob Lucas
Now at C: Juan Barrera
Batting: LHB Ed Hart 0-0: Called Strike
0-1: Swinging Strike
0-2: Foul Ball, location: 2F
0-2: Strikes out looking
Pitching: RHP Orlando Trinidad
Batting: RHB Jason Saunders 0-0: Foul Ball, location: 2F
0-1: Ball
1-1: Ball
2-1: Called Strike
2-2: Ground out 4-3 (Groundball, 4)
Batting: RHB Juan Reyes 0-0: Ball
1-0: Ball
2-0: Foul Ball, location: 2F
2-1: Ball
3-1: Base on Balls
Batting: RHB José Ortega 0-0: Foul Ball, location: 2F
0-1: Swinging Strike
0-2: Strikes out looking
Bottom of the 8th over - 0 run(s), 0 hit(s), 0 error(s), 1 left on base; Amarillo 4 - Tuscaloosa 3
TOP OF THE 9TH
Amarillo Archdukes batting - Pitching for Tuscaloosa Trout Slayers : LHP Luis López
Batting: RHB José Ruíz 0-0: Ball
1-0: Foul Ball, location: 2F
1-1: SINGLE (Groundball, 34D)
Batting: LHB Jorge Martínez 0-0: Ball
1-0: Called Strike
1-1: Fielders Choice at 2nd, 3-6 (Groundball, 3)
Batting: RHB Jorge Espinosa 0-0: Ball
Wild Pitch!
Jorge Martínez to second
1-0: Ball
2-0: 2-RUN HOME RUN (Flyball, 78XD), Distance : 380 ft
Pitching: RHP Ronald Adams
Batting: LHB Michael Cook 0-0: Ball
1-0: Ball
2-0: SINGLE (Groundball, 4MS) (infield hit)
Batting: RHB Norm Francis 0-0: Ball
Michael Cook is caught stealing 2nd base
1-0: Called Strike
1-1: Foul Ball, location: 2F
1-2: Ball
2-2: Fly out, F6 (Line Drive, 6)
Top of the 9th over - 2 run(s), 3 hit(s), 0 error(s), 0 left on base; Amarillo 6 - Tuscaloosa 3
BOTTOM OF THE 9TH
Tuscaloosa Trout Slayers batting - Pitching for Amarillo Archdukes : RHP Orlando Trinidad
Pitching: RHP Nick Parks
Batting: RHB Claudio Gonzáles 0-0: Ball
1-0: Swinging Strike
1-1: Foul Ball, location: 2F
1-2: Ball
2-2: Strikes out swinging
Batting: RHB Lowie van den Bogaert 0-0: Called Strike
0-1: Ball
1-1: Ball
2-1: Fly out, F4 (Popup, 34D)
Batting: RHB Alfredo Díaz 0-0: Fly out, F8 (Line Drive, 8LM)
Bottom of the 9th over - 0 run(s), 0 hit(s), 0 error(s), 0 left on base; Amarillo 6 - Tuscaloosa 3
Thursday, March 30th, 2017 - OOTP Baseball 17.12 Build 75